 Dungeon Crawl Stone Soup version 0.28-a0-1404-g4df0f3684d (webtiles) character file.

Game seed: 8023462905562186059

1686 fragbeetle the Insei (level 8, 0/67 HPs)
             Began as a Green Draconian Transmuter on Jan 5, 2022.
             Was an Initiate of Makhleb.
             Slain by an orc warrior (16 damage)
             ... on level 6 of the Dungeon.
             The game lasted 00:14:31 (6184 turns).

fragbeetle the Insei (Green Draconian Transmuter)   Turns: 6184, Time: 00:14:32

Health: 0/67       AC:  6    Str: 12    XL:     8   Next: 71%
Magic:  9/11       EV: 22    Int: 14    God:    Makhleb [......]
Gold:   349        SH:  0    Dex: 19    Spells: 1/11 levels left

rFire   . . .      SeeInvis +     - Unarmed
rCold   . . .      Faith    .   (shield currently unavailable)
rNeg    . . .      Spirit   .   (armour unavailable)
rPois   x          Reflect  .   (helmet currently unavailable)
rElec   .          Harm     .   (cloak currently unavailable)
rCorr   .          Rampage  .   (gloves currently unavailable)
Will    .....                   (boots currently unavailable)
Stlth   ++........              (no amulet)
HPRegen 0.21/turn               f - +4 ring of protection
MPRegen 0.12/turn               s - ring of see invisible

@: spider-form (expiring)
A: venomous fangs, (breathe noxious fumes), AC +6, tiny, unfitting armour,
(poison resistance), (cold-blooded)
a: End Transformation, Renounce Religion


You were on level 6 of the Dungeon.
You worshipped Makhleb.
Makhleb was noncommittal.
You were a venomous arachnid creature.
You visited 1 branch of the dungeon, and saw 6 of its levels.
You also visited: Sewer.

You collected 349 gold pieces.

Inventory:

Missiles
 b - 144 stones
 u - 9 poisoned darts
Armour
 h - a +2 pair of gloves (melded)
 p - a +0 buckler
Jewellery
 a - a ring of ice
 f - a +4 ring of protection (left front leg)
 j - a ring of wizardry
 m - a ring of wizardry
 o - a ring of positive energy
 s - a ring of see invisible (right front leg)
 E - an amulet of faith
Wands
 l - a wand of polymorph (10)
 q - a wand of digging (8)
 D - a wand of iceblast (8)
Scrolls
 e - 2 scrolls of fog
 i - 3 scrolls of teleportation {unknown}
 k - 2 scrolls of enchant armour {unknown}
 t - 3 scrolls of identify
 v - a scroll of brand weapon {unknown}
 y - a scroll of vulnerability {unknown}
 A - 2 scrolls of immolation {unknown}
 B - a scroll of amnesia {unknown}
 C - a scroll of fear {unknown}
Potions
 c - a potion of cancellation {unknown}
 d - 2 potions of might
 g - a potion of flight {unknown}
 r - a potion of brilliance {unknown}
 w - a potion of mutation {unknown}
 x - a potion of heal wounds {unknown}
 z - a potion of degeneration {unknown}


   Skills:
 + Level 4.4 Fighting
 + Level 4.1 Dodging
 * Level 6.6 Unarmed Combat
 - Level 2.0 Spellcasting
 + Level 5.8 Transmutations
 * Level 3.5 Ice Magic
 + Level 3.6 Poison Magic


You had one spell level left.
You knew the following spells:

 Your Spells              Type           Power      Damage    Failure   Level
a - Beastly Appendage     Tmut           34%        N/A       9%          1
b - Spider Form           Tmut/Pois      14%        N/A       26%         3
c - Ice Form              Ice/Tmut       14%        N/A       56%         4
d - Wereblood             Tmut           17%        N/A       11%         2

Your spell library contained the following spells:

 Spells                   Type           Power      Damage    Failure   Level
 Frozen Ramparts          Ice            22%        1d4       36%         3
 Static Discharge         Conj/Air       1%         N/A       56%         2
 Confusing Touch          Hex            1%         N/A       77%         3
 Summon Ice Beast         Ice/Summ       6%         N/A       89%         4
 Yara's Violent Unravell  Hex/Tmut       4%         3d4       97%         5
 Lightning Bolt           Conj/Air       0%         1d11      100%        5
 Enfeeble                 Hex            0%         N/A       100%        7
 Maxwell's Capacitive Co  Air            0%         ∞         100%        8


Dungeon Overview and Level Annotations

Branches:
Dungeon (6/15)              Sewer (visited)
 Temple: D:4-7

Altars:
Fedhas
Makhleb
Qazlal
Vehumet


Innate Abilities, Weirdness & Mutations

You are a venomous arachnid creature.
You have poisonous fangs.
You are tiny and dextrous.
Your spellcasting is less reliable in this form.
Your armour is entirely melded.
You are incapable of wielding weapons or throwing items.
((You can breathe blasts of noxious fumes.))
((Your lurid green scales are hard. (AC +6)))
You cannot fit into any form of body armour.
((Your system is resistant to poisons. (rPois)))
((You are cold-blooded and may be slowed by cold attacks.))


Message History

You hit the orc.
The orc is poisoned.
The orc is heavily wounded.
You kill the orc!
Makhleb accepts your kill. The orc warrior misses you.
You bite the orc priest!
The orc priest is poisoned.
The orc priest is heavily wounded.
The orc warrior hits you from afar with a +3 halberd!
You hit the orc priest.
The orc priest looks as sick as possible!
The orc priest is severely wounded.
The orc priest misses you.
An orc priest comes into view. It is wielding a +0 dagger.
The orc warrior hits you from afar with a +3 halberd!
You bite the orc priest!
You kill the orc priest!
Makhleb accepts your kill. The orc warrior barely misses you.
Your transformation is almost over.
You bite the orc priest!
The orc priest is almost dead.
The orc priest calls upon Beogh to heal the orc warrior.
The orc warrior is healed somewhat.
The orc priest mumbles some strange prayers to Beogh against you.
Beogh smites you!
* * * LOW HITPOINT WARNING * * *
The orc warrior hits you from afar with a +3 halberd!
* * * LOW HITPOINT WARNING * * *
You hear a shout!
You hear a shout!
The orc priest calls upon Beogh to heal something.
You feel better.
You hit the orc priest.
You kill the orc priest!
Makhleb accepts your kill. The orc warrior misses you.
You barely miss the orc warrior.
The orc warrior is lightly wounded.
The orc warrior hits you with a +3 halberd!
You die...

#####...... ..........
#### ####...........oo
........#'#o..
##.#.........
...#.....#o######
..........)...o#
##...#.#.####o#
#...#.#.# #s# #.....#.#
#.# # #.#.#.#.# #.#.#
#...#.#.####+#.#
#####...###.#......#
....'...'...#......+
#####...##..#......####
####.....#..##........
......≈..#...+......#


You could see an orc warrior (poisoned) and an orc priest.

Vanquished Creatures
  Grinder (D:3)
  2 ogres (D:5)
  A necrophage (D:5)
  A centaur (D:3)
  3 kobold brigands (Sewer)
  4 scorpions
  A water moccasin skeleton (D:5)
  A howler monkey (D:5)
  A hound (D:5)
  A jelly (D:4)
  4 orc priests
  A centaur skeleton (D:4)
  Jessica (D:3)
  Natasha (thrice) (D:3)
  An orc wizard (D:4)
  Robin (D:2)
  A howler monkey skeleton (D:4)
  8 adders
  A river rat (Sewer)
  A shadow imp (D:4)
  An ufetubus (D:5)
  3 adder skeletons (D:4)
  6 worms
  3 dart slugs
  11 orcs
  15 endoplasms
  3 giant cockroaches
  14 hobgoblins
  12 kobolds
  3 quokkas
  6 ball pythons
  5 bats
  4 frilled lizards
  25 goblins
  17 rats
166 creatures vanquished.

Vanquished Creatures (others)
  8 demonic plants (D:2)
  5 fungi (D:2)
  6 plants (D:2)
  6 withered plants (D:2)
25 creatures vanquished.

Grand Total: 191 creatures vanquished

Notes
Turn   | Place    | Note
-------+----------+-------------------------------------------
     0 | D:1      | fragbeetle the Draconian Transmuter began the quest for the
                  | Orb.
     0 | D:1      | Reached XP level 1. HP: 16/16 MP: 3/3
   336 | D:1      | Reached XP level 2. HP: 18/23 MP: 1/5
  1048 | D:2      | Reached XP level 3. HP: 29/29 MP: 4/6
  1253 | D:2      | Found a blossoming altar of Fedhas.
  1287 | D:2      | Noticed Robin
  1604 | D:2      | Killed Robin
  1605 | D:2      | Reached XP level 4. HP: 28/36 MP: 7/7
  1793 | D:2      | Found a faded altar of an unknown god.
  2063 | D:3      | Found a stormy altar of Qazlal.
  2095 | D:3      | Noticed Grinder
  2102 | D:3      | Paralysed by Grinder for 3 turns
  2110 | D:3      | Killed Grinder
  2111 | D:3      | Reached skill level 4 in Unarmed Combat
  2111 | D:3      | Reached XP level 5. HP: 32/44 MP: 8/8
  2111 | D:3      | Reached XP level 6. HP: 37/50 MP: 9/9
  2197 | D:3      | Learned a level 3 spell: Spider Form
  2202 | D:3      | Learned a level 4 spell: Ice Form
  2701 | D:3      | Noticed Jessica
  2703 | D:3      | Killed Jessica
  3061 | D:3      | Noticed Natasha
  3070 | D:3      | Killed Natasha
  3160 | D:3      | Noticed Natasha
  3166 | D:3      | Killed Natasha
  3167 | D:3      | Reached skill level 5 in Unarmed Combat
  3167 | D:3      | Reached skill level 1 in Poison Magic
  3376 | D:3      | Found a stormy altar of Qazlal.
  3379 | D:3      | Noticed Natasha
  3387 | D:3      | Killed Natasha
  3427 | D:4      | Reached skill level 1 in Ice Magic
  3427 | D:4      | Your scales start taking on a lurid green colour.
  3427 | D:4      | Reached XP level 7. HP: 42/57 MP: 10/10
  3427 | D:4      | Gained mutation: Your system is resistant to poisons.
                  | (rPois) [Green Draconian growth]
  3457 | D:4      | Found a glowing drain.
  3468 | Sewer    | Entered a sewer
  4235 | Sewer    | Reached skill level 5 in Transmutations
  4345 | Sewer    | Learned a level 2 spell: Wereblood
  4392 | D:4      | Found a blossoming altar of Fedhas.
  4585 | D:4      | Reached XP level 8. HP: 64/66 MP: 9/11
  4604 | D:4      | Found a radiant altar of Vehumet.
  4837 | D:4      | Reached skill level 6 in Unarmed Combat
  5030 | D:5      | Entered Level 5 of the Dungeon
  5777 | D:5      | Found a burning altar of Makhleb.
  5784 | D:5      | Became a worshipper of Makhleb the Destroyer
  6184 | D:6      | Slain by an orc warrior

Illustrated notes

Levels and vault maps discovered:
D:1:      minmay_arrival_cross, layout_loops_ring
D:2:      layout_rooms, shapermc_ecumenical_altar_gd, basic_altar,
          minmay_rat_gold_closets, uniq_robin
D:3:      layout_basic, general_overflow_altar, uniq_jessica, uniq_grinder,
          uniq_natasha
D:4:      layout_rooms, fedhas_altar_fruit_tree, mainiacjoe_overflow_paths,
          portal_sewer_entry_d
D:5:      layout_loops_ring, lightli_temple_of_fire, minmay_ogre_servants
D:6:      layout_basic, minivault_5, chequers_serial_rivers_micro_c, uniq_edmund

Skill      XL: |  1  2  3  4  5  6  7  8 |
---------------+-------------------------+-----
Dodging        | 2 3 4 |  4.1
Fighting       | 2 3 4 |  4.4
Transmutations | 3 4 5 |  5.8
Unarmed Combat | 4 5 6 |  6.6
Poison Magic   | 1 2 3 |  3.6
Ice Magic      | 1 2 3 |  3.5
Spellcasting   | |  2.0

Action                   |  1- 3 |  4- 6 |  7- 9 || total
-------------------------+-------+-------+-------++-------
Melee: Unarmed           |   105 |    92 |   267 ||   464
       Tailslap          |     8 |     8 |    45 ||    61
       Kick              |    27 |    22 |    58 ||   107
       Headbutt          |    12 |    16 |    48 ||    76
       Punch             |     4 |     3 |    10 ||    17
Throw: Stone             |       |       |     2 ||     2
 Cast: Beastly Appendage |    31 |    25 |    47 ||   103
       Spider Form       |       |       |     1 ||     1
  Use: Scroll            |       |       |     2 ||     2
       Potion            |       |       |     1 ||     1
 Stab: Sleeping          |       |     2 |     1 ||     3
Armor: Skin              |    40 |    39 |    69 ||   148
Dodge: Dodged            |    66 |    50 |   108 ||   224

Table legend: (Time is in decaauts)
 A = Elapsed time spent in this place.
 B = Non-inter-level travel time spent in this place.
 C = Inter-level travel time spent in this place.
 D = Time resting spent in this place.
 E = Time spent auto-exploring this place.
 F = Levels seen in this place.
 G = Mean time per level.
                   A        B        C        D        E       F      G
               +--------+--------+--------+--------+--------+-----+--------+
         Total |   6297 |   6159 |    138 |    449 |   4086 |   7 |  899.6 |
       Dungeon |   5272 |   5134 |    138 |    449 |   3343 |   6 |  878.7 |
         Sewer |   1024 |   1024 |      0 |      0 |    742 |   1 | 1024.0 |
               +--------+--------+--------+--------+--------+-----+--------+

Top non-repeatable levels by time:
     D:3: 1351 daAuts
     D:1: 1263 daAuts
   Sewer: 1024 daAuts
     D:5: 805 daAuts
     D:2: 780 daAuts
     D:4: 733 daAuts
     D:6: 337 daAuts
